 Dungeon Crawl Stone Soup version 0.26-a0-835-g8259106e14 (webtiles) character file.

Game seed: 1328987095181297695

568 strifetoe the Chopper (level 7, -3/44 HPs)
             Began as a Gargoyle Fighter on Nov 18, 2020.
             Slain by an ogre
             ... wielding a +0 giant spiked club
              (18 damage)
             ... on level 4 of the Dungeon.
             The game lasted 00:05:25 (3988 turns).

strifetoe the Chopper (Gargoyle Fighter)            Turns: 3988, Time: 00:05:25

Health: -3/44      AC: 15    Str: 20 (22) XL:     7   Next: 33%
Magic:  7/7        EV:  5    Int:  5 (8)  God:
Gold:   208        SH:  9    Dex:  8 (9)  Spells: 6/6 levels left

rFire    . . .     SeeInvis .   a - +0 war axe
rCold    . . .     Faith    .   c - +0 kite shield
rNeg     + . .     Spirit   .   g - +0 chain mail
rPois    ∞         Reflect  .   (no helmet)
rElec    +         Harm     .   q - +0 cloak
rCorr    .         Rampage  .   (no gloves)
MR       .....                  (no boots)
Stlth    ..........             (no amulet)
HPRegen  0.14/turn              (no ring)
MPRegen  0.10/turn              (no ring)

@: no status effects
A: negative energy resistance 1, electricity resistance, unbreathing,
petrification resistance, rot immunity, AC +4
a: no special abilities


You were on level 4 of the Dungeon.
You visited 1 branch of the dungeon, and saw 4 of its levels.

You collected 208 gold pieces.

Inventory:

Hand Weapons
 a - a +0 war axe (weapon)
Armour
 c - a +0 kite shield (worn)
 g - a +0 chain mail (worn)
 q - a +0 cloak (worn)
Jewellery
 e - an uncursed ring of fire {unknown}
 s - a +6 ring of strength
Wands
 n - a wand of enslavement (3)
 p - a wand of flame (15)
Scrolls
 b - a scroll of enchant weapon {unknown}
 f - a scroll of random uselessness {unknown}
 i - a scroll of enchant armour {unknown}
 j - 5 scrolls of identify {unknown}
 l - 3 scrolls of teleportation {unknown}
 m - a scroll of immolation {unknown}
 o - a scroll of blinking {unknown}
 r - a scroll of fog {unknown}
 t - a scroll of remove curse
Potions
 d - a potion of might
 h - a potion of resistance {unknown}
 k - a potion of curing
 v - a potion of heal wounds {unknown}


   Skills:
 + Level 5.4 Fighting
 + Level 6.1 Axes
 - Level 3.2 Armour
 - Level 3.2 Shields


You had 6 spell levels left.
You didn't know any spells.
Your spell library was empty.

Dungeon Overview and Level Annotations

Branches:
Dungeon (4/15)
 Temple: D:4-7

Altars:
Cheibriados
Gozag
Ru
Vehumet


Innate Abilities, Weirdness & Mutations

You are resistant to torment.
Your stone body is resilient. (AC +4)
You are immune to poison.
You resist negative energy. (rN+)
You are resistant to electric shocks. (rElec)
You can survive without breathing.
You are immune to petrification.
You are immune to rotting.


Message History

The howler monkey hits you.
The phantom hits you but does no damage.
You are too injured to fight recklessly!
You hit the ogre.
The ogre is moderately wounded.
You hit the howler monkey. You closely miss the phantom.
You block the howler monkey's attack.
The phantom hits you but does no damage.
The ogre hits you with a +0 giant spiked club.
The howler monkey hits you.
You closely miss the ogre.
The ogre is moderately wounded.
You slash the howler monkey! You closely miss the phantom.
The phantom blinks!
The howler monkey hits you but does no damage.
You block the ogre's attack.
You hit the ogre but do no damage.
The ogre is moderately wounded.
You closely miss the howler monkey. You block the howler monkey's attack.
The ogre hits you with a +0 giant spiked club!!
You die...

...#..####.# ...#
...##....#.### .#.#
...#####†#...####...#
....## #†.......<.#
.....####.........######
.###...................#
.....####..........$...#
.###...................#
....#........##.@O.....#
........##...##..h..W..#
......#########........#
......## #........#
.......### #.......$#
.........# #........#
.........# ##########
.....##..# ....####.##


You could see a phantom, an ogre and a howler monkey.

Vanquished Creatures
  2 ogres (D:4)
  An orc wizard (D:4)
  An orc priest (D:4)
  An iguana (D:4)
  A worker ant (D:4)
  7 gnolls
  A howler monkey skeleton (D:4)
  7 adders
  2 oozes (D:3)
  An adder zombie (D:3)
  2 worms
  2 leopard geckos
  8 orcs
  A ball python (D:2)
  5 bats
  3 giant cockroaches
  8 goblins
  4 hobgoblins
  15 jackals
  3 quokkas
  4 frilled lizards
  9 kobolds
  7 rats
95 creatures vanquished.

Vanquished Creatures (collateral kills)
  An ogre (D:4)
1 creature vanquished.

Vanquished Creatures (others)
  A gnoll (D:4)
1 creature vanquished.

Grand Total: 97 creatures vanquished

Notes
Turn   | Place    | Note
-------+----------+-------------------------------------------
     0 | D:1      | strifetoe the Gargoyle Fighter began the quest for the Orb.
     0 | D:1      | Reached XP level 1. HP: 14/14 MP: 1/1
    70 | D:1      | Reached skill level 2 in Axes
    77 | D:1      | Reached XP level 2. HP: 13/19 MP: 2/2
   422 | D:1      | Reached skill level 3 in Axes
   424 | D:1      | Reached XP level 3. HP: 15/23 MP: 3/3
   752 | D:2      | Found a radiant altar of Vehumet.
  1103 | D:2      | Reached XP level 4. HP: 28/28 MP: 4/4
  1103 | D:2      | Found a sacrificial altar of Ru.
  1468 | D:2      | Reached skill level 4 in Axes
  1589 | D:3      | You fall into a shaft and drop 1 floor!
  1589 | D:4      | Noticed an ogre
  1599 | D:4      | Killed an ogre
  1600 | D:4      | Reached XP level 5. HP: 21/32 MP: 5/5
  1817 | D:4      | Found an opulent altar of Gozag.
  1846 | D:4      | Noticed an ogre
  2098 | D:3      | Reached skill level 5 in Axes
  2750 | D:3      | Reached XP level 6. HP: 37/38 MP: 6/6
  3227 | D:4      | Reached XP level 7. HP: 25/44 MP: 7/7
  3228 | D:4      | Reached skill level 5 in Fighting
  3657 | D:4      | Found a snail-covered altar of Cheibriados.
  3657 | D:4      | Noticed a torpor snail
  3665 | D:4      | Reached skill level 6 in Axes
  3784 | D:4      | Noticed a torpor snail
  3785 | D:4      | Noticed a torpor snail
  3988 | D:4      | Slain by an ogre

Illustrated notes

Levels and vault maps discovered:
D:1:      saegor_arrival_simple_c, layout_rooms, lemuel_old_faithful
D:2:      layout_loops_ring, overflow_temple_1_default, marbit_many_paths,
          chequers_serial_rivers_micro_d, hex_large
D:3:      minmay_angry_zag, layout_loops_corners,
          minmay_fractal_squares_gapless_5
D:4:      layout_rooms, grunt_gozag_breadcrumbs, cheibriados_altar_2,
          nrook_mini_vaults

Skill      XL: |  1  2  3  4  5  6  7 |
---------------+----------------------+-----
Axes           | 2 3 4 5 6 |  6.1
Fighting       | 4 5 |  5.4
Armour         | |  3.2
Shields        | |  3.2

Action                   |  1- 3 |  4- 6 |  7- 9 || total
-------------------------+-------+-------+-------++-------
Melee: War axe           |   102 |   190 |    40 ||   332
Evoke: Wand              |       |     2 |     4 ||     6
  Use: Scroll            |       |     1 |       ||     1
       Potion            |       |     5 |       ||     5
Armor: Scale mail        |    35 |       |       ||    35
       Ring mail         |    33 |    15 |       ||    48
       Chain mail        |       |    97 |    37 ||   134
       Skin              |       |     2 |     3 ||     5
Dodge: Dodged            |    45 |    47 |    11 ||   103
Block: Kite shield       |    57 |   102 |    33 ||   192

Table legend: (Time is in decaauts)
 A = Elapsed time spent in this place.
 B = Non-inter-level travel time spent in this place.
 C = Inter-level travel time spent in this place.
 D = Time resting spent in this place.
 E = Time spent auto-exploring this place.
 F = Levels seen in this place.
 G = Mean time per level.
                   A        B        C        D        E       F      G
               +--------+--------+--------+--------+--------+-----+--------+
         Total |   4099 |   3900 |    199 |    583 |   2546 |   4 | 1024.8 |
       Dungeon |   4099 |   3900 |    199 |    583 |   2546 |   4 | 1024.8 |
               +--------+--------+--------+--------+--------+-----+--------+

Top non-repeatable levels by time:
     D:3: 1553 daAuts
     D:2: 924 daAuts
     D:4: 843 daAuts
     D:1: 779 daAuts
